 Dungeon Sprint DCSS version 0.29.1-15-g9cfb28693d (webtiles) character file.

Game seed: 13521553211360494606

6731 Groucho the Unseen (level 10, -2/49 HPs)
             Began as a Spriggan Enchanter on Apr 7, 2023.
             Was a High Priest of Dithmenos.
             Slain by a six-headed hydra (11 damage)
             ... in the Dungeon (Sprint III: "The Ten Rune Challenge").
             The game lasted 00:06:26 (1110 turns).

Groucho the Unseen (Spriggan Enchanter)             Turns: 1110, Time: 00:06:26

Health: -2/49      AC:  5    Str:  8    XL:     10   Next: 75%
Magic:  5/27       EV: 29    Int: 17    God:    Dithmenos [*****.]
Gold:   37         SH:  0    Dex: 22    Spells: 22/33 levels left

rFire   . . .      SeeInvis +   a - +1 dagger
rCold   . . .      Faith    .   (no shield)
rNeg    . . .      Spirit   .   b - +0 robe
rPois   .          Reflect  .   (helmet restricted)
rElec   .          Harm     .   r - +2 cloak
rCorr   .          Rampage  .   (gloves unavailable)
Will    +....      NoTele   +   (boots unavailable)
Stlth   ++++++....              (no amulet)
HPRegen 0.16/turn               j - +6 ring of dexterity
MPRegen 0.20/turn               (no ring)

@: wreathed by umbra, slow
A: very small, no large weapons, unfitting armour, see invisible, speed 3
a: Renounce Religion, Shadow Step, Shadow Form


You were in the Dungeon.
You worshipped Dithmenos.
Dithmenos was extremely pleased with you.
You visited 1 branch You collected 37 gold pieces.

Inventory:

Hand Weapons
 a - a +1 dagger (weapon)
Armour
 b - a +0 robe (worn)
 k - a +0 cloak of poison resistance
 r - a +2 cloak (worn)
Jewellery
 j - a +6 ring of dexterity (left hand)
Scrolls
 m - 2 scrolls of poison {unknown}
 n - a scroll of butterflies {unknown}
 p - a scroll of identify {unknown}
Potions
 c - 2 potions of invisibility
 d - 3 potions of curing
 f - a potion of haste
 g - 3 potions of magic
 h - a potion of berserk rage
 l - 3 potions of mutation {unknown}
 o - a potion of flight {unknown}
 q - a potion of might


   Skills:
 + Level 4.0 Fighting
 - Level 10.0 Short Blades
 + Level 12.7 Dodging
 - Level 15.0 Stealth
 + Level 12.3 Spellcasting
 * Level 9.6 Conjurations
 - Level 14.0 Hexes
 + Level 5.0 Invocations


You had 22 spell levels left.
You knew the following spells:

 Your Spells              Type           Power      Damage    Failure   Level
a - Ensorcelled Hibernat  Hex/Ice        68%        N/A       1%          2
b - Confusing Touch       Hex            55%        N/A       1%          3
c - Dazzling Flash        Conj/Hex       100%       N/A       1%          3
d - Tukima's Dance        Hex            55%        N/A       1%          3

Your spell library contained the following spells:

 Spells                   Type           Power      Damage    Failure   Level
 Alistair's Intoxication  Tmut/Pois      6%         N/A       88%         5
 Borgnjor's Vile Clutch   Necr/Erth      5%         N/A       88%         5
 Eringya's Noxious Bog    Tmut/Pois      5%         N/A       100%        6


Dungeon Overview and Level Annotations

Branches:
Dungeon (1/1)

Altars:
Cheibriados
Dithmenos
Elyvilon
Fedhas
Gozag
Hepliaklqana
Kikubaaqudgha
Makhleb
Nemelex Xobeh
Okawaru
Qazlal
Ru
Sif Muna
Trog
Uskayaw
Vehumet
Wu Jian
Xom
Yredelemnul
Zin
The Shining One
Jiyva
Lugonu


Innate Abilities, Weirdness & Mutations

You are very small and have problems with some larger weapons.
You are too small for most types of armour.
You have supernaturally acute eyesight. (SInv)
You cover ground extremely quickly. (Speed+++)


Message History

The six-headed hydra easily resists.
Your shadow mimicks your spell!
The six-headed hydra resists with almost no effort.
Casting: Ensorcelled Hibernation (safe; 1% risk of failure)
Confirm with . or Enter, or press ? or * to list all spells.
Aiming: Ensorcelled Hibernation (safe; 1% risk of failure)
Press: ? - help, Shift-Dir - straight line, f/p - six-headed hydra
Aim: a six-headed hydra (umbra, chance to affect: 28%)
The six-headed hydra easily resists.
You see here a redback corpse.
Casting: Ensorcelled Hibernation (safe; 1% risk of failure)
Confirm with . or Enter, or press ? or * to list all spells.
Aiming: Ensorcelled Hibernation (safe; 1% risk of failure)
Press: ? - help, Shift-Dir - straight line, f/p - six-headed hydra
Aim: a six-headed hydra (umbra, chance to affect: 28%)
The six-headed hydra easily resists.
There is an open door here.
Casting: Ensorcelled Hibernation (safe; 1% risk of failure)
Confirm with . or Enter, or press ? or * to list all spells.
Aiming: Ensorcelled Hibernation (safe; 1% risk of failure)
Press: ? - help, Shift-Dir - straight line, f/p - six-headed hydra
Aim: a six-headed hydra (umbra, chance to affect: 28%)
The six-headed hydra easily resists.
Your shadow mimicks your spell!
The six-headed hydra resists with almost no effort.
You enter the shallow water.
Moving in this stuff is going to be slow.
Things that are here:
a komodo dragon corpse; a cane toad corpse; a cane toad corpse
There is an open door, spattered with blood here.
You enter the shallow water.
Moving in this stuff is going to be slow.
The six-headed hydra closely misses you.
The six-headed hydra completely misses you. x2
The six-headed hydra bites you but does no damage.
The six-headed hydra misses you.
The six-headed hydra completely misses you.
The six-headed hydra attacks as you move away!
The six-headed hydra bites you!
You die...

~♣♣.♣.'.⌠........#
~~~...#...######'#
~~....#.⌠.#__#...#+##############
~.....#...#__#...#....#)#)#)....#
......#'###__#...##.#.)#.##.###.#
......#.))#__#...'##.#.#.##.#).##
......#___#__'...#...#..#..##.)'^
▓▓▓▓▓▓▓▓▓▓▓▓▓▓▓▓▓▓▓▓▓▓▓▓▓▓▓▓▓▓▓#.
♣♣~D@........~~~...#.
+♣♣'♣≈≈≈≈≈≈≈≈≈≈≈≈♣♣P.'.
#.†♣♣♣♣♣♣♣♣♣♣♣♣♣♣♣♣PP#. #..♣♣
♣♣♣## ###'♣♣♣♣♣♣♣♣♣♣♣♣♣♣♣
♣♣♣♣†##..##~~~~~≈..#
♣†..##.##.#~~~~≈...#
♣♣.##.##†##'~~~≈≈###
♣..#.##..D#~~....○☼


You could see a six-headed hydra.

Vanquished Creatures
  Erolcha (D)
  A hydra (D)
  Urug (D)
  A lindwurm (D)
  A deep elf pyromancer (D)
  2 cane toads (D)
  A komodo dragon (D)
  2 tyrant leeches (D)
  3 wandering mushrooms (D)
  A shadow (D)
  5 redbacks (D)
  A spatial vortex (D)
  5 two-headed ogres (D)
  A necrophage (D)
  A water elemental (D)
  An electric eel (D)
  A jelly (D)
  Crazy Yiuf (D)
  Jessica (D)
  A necromancer (D)
  A wizard (D)
  A kobold demonologist (D)
  3 humans (D)
  An endoplasm (D)
  2 rats (D)
40 creatures vanquished.

Notes
Turn   | Place    | Note
-------+----------+-------------------------------------------
     0 | D        | Groucho the Spriggan Enchanter began the quest for the Orb.
     0 | D        | Reached XP level 1. HP: 9/9 MP: 5/5
   133 | D        | Noticed Jessica
   135 | D        | Killed Jessica
   136 | D        | Reached skill level 6 in Stealth
   136 | D        | Reached skill level 5 in Hexes
   136 | D        | Reached XP level 2. HP: 13/13 MP: 6/8
   139 | D        | Reached XP level 3. HP: 16/16 MP: 6/9
   142 | D        | Learned a level 2 spell: Ensorcelled Hibernation
   146 | D        | Learned a level 3 spell: Confusing Touch
   340 | D        | Noticed Crazy Yiuf
   346 | D        | Killed Crazy Yiuf
   347 | D        | Reached skill level 7 in Stealth
   347 | D        | Reached skill level 5 in Spellcasting
   347 | D        | Reached XP level 4. HP: 21/21 MP: 9/12
   381 | D        | Noticed a water elemental
   384 | D        | Killed a water elemental
   392 | D        | Learned a level 3 spell: Dazzling Flash
   396 | D        | Learned a level 3 spell: Tukima's Dance
   397 | D        | Found a radiant altar of Vehumet.
   398 | D        | Found a shimmering blue altar of Sif Muna.
   398 | D        | Found an ancient bone altar of Kikubaaqudgha.
   398 | D        | Noticed a wizard
   399 | D        | Killed a wizard
   400 | D        | Reached skill level 8 in Stealth
   400 | D        | Reached XP level 5. HP: 24/24 MP: 14/14
   402 | D        | Reached skill level 5 in Short Blades
   420 | D        | Found a shadowy altar of Dithmenos.
   421 | D        | Found a basalt altar of Yredelemnul.
   421 | D        | Found a sacrificial altar of Ru.
   423 | D        | Reached skill level 5 in Dodging
   423 | D        | Reached skill level 9 in Stealth
   429 | D        | Became a worshipper of Dithmenos the Shadowed
   436 | D        | Found a hide-covered altar of Uskayaw.
   436 | D        | Found an iron altar of Okawaru.
   437 | D        | Found a bloodstained altar of Trog.
   437 | D        | Found an ornate altar of the Wu Jian Council.
   437 | D        | Noticed a human
   437 | D        | Noticed a human
   450 | D        | Killed a human
   451 | D        | Reached skill level 10 in Hexes
   451 | D        | Reached XP level 6. HP: 28/28 MP: 12/17
   453 | D        | Killed a human
   454 | D        | Reached skill level 10 in Stealth
   454 | D        | Reached XP level 7. HP: 32/32 MP: 11/19
   682 | D        | Found a glowing silver altar of Zin.
   683 | D        | Found a glowing golden altar of the Shining One.
   683 | D        | Found a white marble altar of Elyvilon.
   683 | D        | Noticed a deep elf pyromancer
   687 | D        | Killed a deep elf pyromancer
   687 | D        | Reached * piety under Dithmenos
   688 | D        | Reached skill level 11 in Stealth
   702 | D        | Noticed a shadow
   711 | D        | Killed a shadow
   712 | D        | Reached XP level 8. HP: 36/36 MP: 17/21
   722 | D        | Found a blossoming altar of Fedhas.
   722 | D        | Found a stormy altar of Qazlal.
   723 | D        | Found a snail-covered altar of Cheibriados.
   723 | D        | Found a burning altar of Makhleb.
   723 | D        | Found a hazy altar of Hepliaklqana.
   723 | D        | Found a shimmering altar of Xom.
   723 | D        | Found an opulent altar of Gozag.
   723 | D        | Found a sparkling altar of Nemelex Xobeh.
   723 | D        | Found a corrupted altar of Lugonu.
   723 | D        | Found a viscous altar of Jiyva.
   725 | D        | Reached ** piety under Dithmenos
   726 | D        | Reached skill level 5 in Conjurations
   739 | D        | Reached skill level 12 in Stealth
   744 | D        | Noticed a two-headed ogre
   747 | D        | Killed a two-headed ogre
   747 | D        | Reached *** piety under Dithmenos
   751 | D        | Noticed a two-headed ogre
   751 | D        | Noticed Erolcha
   753 | D        | Killed Erolcha
   754 | D        | Reached skill level 13 in Stealth
   754 | D        | Reached XP level 9. HP: 39/39 MP: 21/23
   754 | D        | Killed a two-headed ogre
   755 | D        | Reached skill level 10 in Dodging
   755 | D        | Reached skill level 10 in Spellcasting
   778 | D        | Reached **** piety under Dithmenos
   850 | D        | Noticed a wandering mushroom
   854 | D        | Noticed a wandering mushroom
   855 | D        | Noticed a wandering mushroom
   865 | D        | Killed a wandering mushroom
   866 | D        | Reached skill level 14 in Stealth
   872 | D        | Killed a wandering mushroom
   880 | D        | Noticed a cane toad
   880 | D        | Noticed a komodo dragon
   880 | D        | Noticed a cane toad
   884 | D        | Killed a cane toad
   885 | D        | Reached skill level 10 in Short Blades
   885 | D        | Reached skill level 1 in Invocations
   887 | D        | Killed a cane toad
   888 | D        | Reached skill level 1 in Fighting
   888 | D        | Reached XP level 10. HP: 42/46 MP: 10/26
   893 | D        | Reached ***** piety under Dithmenos
  1033 | D        | Noticed a lindwurm
  1036 | D        | Killed a lindwurm
  1037 | D        | Reached skill level 15 in Stealth
  1045 | D        | Noticed Urug
  1047 | D        | Killed Urug
  1050 | D        | Noticed a seven-headed hydra
  1050 | D        | Noticed a six-headed hydra
  1056 | D        | Killed a seven-headed hydra
  1057 | D        | Reached skill level 5 in Invocations
  1110 | D        | Slain by a six-headed hydra

Illustrated notes

Levels and vault maps discovered:
D:        dungeon_sprint_mu [sprint_mu_entry_forest, sprint_mu_temple_rooms,
          sprint_mu_d1_spiders, sprint_mu_d2_genie, sprint_mu_d3_branching,
          sprint_mu_orc_legion, sprint_mu_elf_gauntlet, sprint_mu_hive_nellie,
          sprint_mu_lair_fedhas, sprint_mu_vaults_butterflies,
          sprint_mu_slime_circle, sprint_mu_swamp_cave, sprint_mu_shoals_kraken,
          sprint_mu_blade_basic, sprint_mu_crypt_lich, sprint_mu_tomb_spiral,
          sprint_mu_vestibule_basic, sprint_mu_gehenna_hellfire,
          sprint_mu_dis_giant, sprint_mu_tartarus_statrot,
          sprint_mu_cocytus_islands, sprint_mu_zot1]

Skill      XL: |  1  2  3  4  5  6  7  8  9 10 |
---------------+-------------------------------+-----
Hexes          | 5 7 8 10 11 12 14 | 14.0
Spellcasting   | 4 5 7 8 9 11 12 | 12.3
Short Blades   | 2 3 4 6 7 9 10 | 10.0
Stealth        | 6 7 8 9 10 11 13 14 15 | 15.0
Dodging        | 4 6 8 9 11 12 | 12.7
Conjurations   | 2 3 4 6 8 9 |  9.6
Invocations    | 1 5 |  5.0
Fighting       | 1 4 |  4.0

Action                   |  1- 3 |  4- 6 |  7- 9 | 10-12 || total
-------------------------+-------+-------+-------+-------++-------
Melee: Dagger            |     9 |    11 |    28 |    11 ||    59
       Punch             |       |       |     1 |       ||     1
 Cast: Ensorcelled Hiber |     1 |     1 |    11 |    19 ||    32
       Confusing Touch   |       |     1 |     3 |       ||     4
Invok: Shadow Step       |       |       |     1 |     1 ||     2
  Use: Scroll            |       |       |       |     1 ||     1
       Potion            |       |       |       |     1 ||     1
 Stab: Sleeping          |     3 |     6 |    14 |    10 ||    33
       Confused          |       |     2 |     2 |       ||     4
Armor: Robe              |     1 |       |       |     5 ||     6
Dodge: Dodged            |     2 |     2 |    17 |    44 ||    65
